 Dungeon Crawl Stone Soup version 0.19.5 (webtiles) character file.

62365 Rrauwl the Bludgeoner (level 14, -13/127 HPs)
             Began as a Minotaur Berserker on Mar 15, 2017.
             Was the Champion of Trog.
             Mangled by an orc warrior
             ... wielding a +0 trident
              (16 damage)
             ... on level 2 of the Orcish Mines on Mar 16, 2017.
             The game lasted 01:35:53 (17143 turns).

Rrauwl the Bludgeoner (Minotaur Berserker)         Turns: 17143, Time: 01:35:53

Health: -13/127    AC: 21    Str: 26    XL:     14   Next: 64%
Magic:  17/17      EV: 18    Int:  4    God:    Trog [******]
Gold:   1561       SH: 21    Dex: 21    Spells: 0 memorised, 13 levels left

rFire  + . .     SeeInvis .     P - +10 flail of Famine {vamp, rN++}
rCold  . . .     Gourm    .     H - +1 ring mail of Fortification {-Cast MR++ rCorr Dex+3}
rNeg   + + .     Faith    .     o - +1 large shield
rPois  .         Spirit   .     (helmet restricted)
rElec  .         Reflect  .     X - +0 cloak
rCorr  +         Harm     .     k - +0 pair of gloves
MR     +++..     NoCast   +     F - +2 pair of boots
Stlth  +++.......               q - amulet of magic regeneration
                                K - ring of protection from fire (curse)
                                i - +5 ring of protection

@: agile, exhausted, slowed, very slow
A: retaliatory headbutt, horns 2, thin skeletal structure 1, shaggy fur 1
a: Berserk, Trog's Hand, Brothers in Arms, Burn Spellbooks, Renounce Religion


You were on level 2 of the Orcish Mines.
You worshipped Trog.
Trog was exalted by your worship.
You were hungry.

You visited 3 branches of the dungeon, and saw 20 of its levels.
You also visited: Ossuary and Ice Cave.

You collected 1640 gold pieces.
You spent 79 gold pieces at shops.

Inventory:

Hand Weapons
 P - the +10 flail of Famine (weapon) {vamp, rN++}
   (Trog gifted it to you on level 11 of the Dungeon)

   It inflicts no extra harm, but heals its wielder when it wounds a living foe.
   It greatly protects you from negative energy.
Missiles
 M - 7 javelins of penetration (quivered)
Armour
 k - a +0 pair of gloves (worn)
 o - a +1 large shield (worn)
 F - a +2 pair of boots (worn)
 H - the +1 ring mail of Fortification (worn) {-Cast MR++ rCorr Dex+3}
   (You found it on level 8 of the Dungeon)

   It affects your dexterity (+3).
   It affects your resistance to hostile enchantments.
   It prevents spellcasting.
   It protects you from acid and corrosion.
 R - the +2 shield of Wytruiwe {+Blink}
   (You found it in an ice cave)

   It lets you blink.
 X - a +0 cloak (worn)
Jewellery
 i - a +5 ring of protection (left hand)
 q - an amulet of magic regeneration (around neck)
 y - an uncursed ring of flight
 K - a cursed ring of protection from fire (right hand)
 O - an uncursed ring of see invisible
 T - an uncursed ring of poison resistance
Wands
 b - a wand of disintegration (10/24)
 D - a wand of confusion (14/48)
 S - a wand of acid (1/15)
 V - a wand of lightning (0/15)
Scrolls
 d - 15 scrolls of identify
 e - 8 scrolls of remove curse
 j - 3 scrolls of fog
 p - 12 scrolls of teleportation
 I - a scroll of recharging
Potions
 h - 6 potions of curing
 n - 4 potions of might
 x - a potion of invisibility
Miscellaneous
 s - a fan of gales
Comestibles
 a - 7 chunks of flesh
 g - 6 fruits
 C - 14 slices of pizza


   Skills:
 + Level 12.7 Fighting
 + Level 18.5 Maces & Flails
 - Level 5.0 Throwing
 + Level 12.1 Armour
 - Level 6.0 Dodging
 - Level 1.0 Stealth
 + Level 12.5 Shields
 - Level 6.0 Evocations


You had 13 spell levels left.
You didn't know any spells.

Dungeon Overview and Level Annotations

Branches:
Dungeon (12/15)            Temple (0/1) D:6            Lair (6/6) D:11
  Swamp (0/4) Lair:4        Snake (0/4) Lair:3        Slime (0/5) Lair:5
    Orc (2/2) D:11            Elf (0/3) Orc:2

Altars:
Fedhas
Gozag
Hepliaklqana
Kikubaaqudgha
Makhleb
Okawaru
Trog
Uskayaw
Vehumet
Xom
Zin
Jiyva

Shops:
D:5 *   D:10 *   Orc:2 [

Portals:
Hell: Lair:6


Innate Abilities, Weirdness & Mutations

You reflexively headbutt those who attack you in melee.
You have a pair of horns on your head.
You have a somewhat thin skeletal structure. (Dex +2, Stealth)
You are covered in fur. (AC +1)


Message History

Okay, then.
Evoke which item? (* to show all) (? for menu, Esc to quit)
Zapping:
S - a wand of acid (2/15)
Press: ? - help, Shift-Dir - straight line, f - orc high priest
Aim: an orc high priest, wielding a scimitar (severely wounded, unusually strong)
The bolt of acid misses the orc knight.
The bolt of acid hits the orc knight.
The orc knight is splashed with acid.
The acid corrodes the orc knight!
You kill the orc knight!
Trog accepts your kill.
The bolt of acid hits the orc high priest.
The orc high priest is splashed with acid.
You kill the orc high priest!
Trog accepts your kill.
The orange demon disappears in a puff of smoke!
The ynoxinul disappears in a puff of smoke!
The hellwing disappears in a puff of smoke!
This wand has 1 charge left.
The orc warrior throws a tomahawk.
You block the tomahawk.
The orc warrior hits you from afar with a trident!
You die...

##...### ####
##.## #.
######.###### #.
#...........###
#####
...####.####...##
##.#..
#.######..##
#.....
#.#...###..#
##....
#.#..o.§##.#
#....
#.#..@o))#)#
##...
o...o.§##o§))#
##.... .......
##))## #.....
....... #.)#
##.... .......
..o# #....
....... ##..#
#.... #.....#
..## ###.. .##.##
.∩## #.. ## ##.


You could see 2 orc knights, 2 orc warriors and an orc priest.

Vanquished Creatures
  The ghost of flsc the Severer, a journeyman MiFi of Makhleb (Orc:1)
  A dire elephant (Lair:6)
  Josephine (D:12)
  Erolcha (D:11)
  4 hydras
  6 death yaks
  3 orc high priests (Orc:2)
  Sonja (D:11)
  A sixfirhy (Lair:6)
  An unseen horror (D:12)
  The ghost of Naow the Destroyer, a novice DECj of Vehumet (D:9)
  3 hill giants
  A wizard (Lair:6)
  Pikel (D:6)
  2 orc knights (Orc:2)
  A necromancer (IceCv)
  A cyclops (D:11)
  5 orc sorcerers
  12 elephants
  7 black mambas
  3 ice statues (IceCv)
  A smoke demon (Lair:6)
  Joseph (D:8)
  A gargoyle (D:9)
  13 spiny frogs
  A kobold demonologist (D:11)
  4 komodo dragons
  5 rime drakes
  13 ice devils
  A troll (D:11)
  2 red devils (Lair:6)
  Prince Ribbit (Lair:3)
  13 blink frogs
  4 dream sheep (Lair:5)
  6 hippogriffs
  36 yaks
  A hungry ghost (D:7)
  4 wraiths
  A human (D:8)
  2 basilisks (Lair:2)
  A warg (Orc:2)
  2 nagas (Lair:3)
  3 insubstantial wisps (Lair:4)
  14 water moccasins
  A hell hound (Lair:6)
  5 porcupines
  9 orc warriors
  4 slaves (D:6)
  2 phantoms
  7 ogres
  17 wolves
  The ghost of Denreik the Sneak, an amateur FoCK of Xom (D:8)
  12 crocodiles
  17 centaurs
  3 big kobolds (D:9)
  An elf zombie (Ossuary)
  23 bullfrogs
  6 killer bees (D:11)
  A howler monkey (D:7)
  8 crimson imps
  A bullfrog zombie (D:8)
  3 draconian simulacra (IceCv)
  4 centaur zombies
  2 bullfrog skeletons
  7 orc priests
  4 hounds
  A jelly (D:9)
  3 centaur skeletons
  2 iguanas
  17 orc wizards
  9 worker ants
  2 hell rats (Lair:5)
  2 spriggan simulacra (IceCv)
  A troll simulacrum (IceCv)
  2 centaur simulacra (IceCv)
  3 ogre zombies (Ossuary)
  A hound zombie (D:5)
  7 mummies (Ossuary)
  2 worker ant zombies (D:5)
  7 gnolls
  A howler monkey skeleton (D:6)
  2 ogre simulacra (IceCv)
  10 adders
  17 river rats
  2 shadow imps (D:8)
  An ooze (D:3)
  An adder skeleton (D:5)
  7 adder zombies
  A worm (D:2)
  3 leopard geckos
  40 orcs
  A ball python (D:5)
  10 giant cockroaches
  6 goblins
  3 hobgoblins
  10 jackals
  20 kobolds
  2 quokkas
  5 bats
  5 frilled lizards
  A giant cockroach zombie (D:6)
  A goblin zombie (Ossuary)
  5 hobgoblin zombies (Ossuary)
  2 kobold zombies (Ossuary)
  3 leopard gecko skeletons
  A leopard gecko zombie (D:5)
  8 quokka zombies
  16 rats
  4 rat zombies (Ossuary)
  3 plants (D:11)
575 creatures vanquished.

Vanquished Creatures (collateral kills)
  A dire elephant (Lair:6)
  An ugly thing (D:12)
  An orange demon (Lair:6)
  A hellwing (Lair:6)
  A red devil (Lair:6)
  A basilisk (Lair:6)
  A yak (Lair:6)
  A hell hound (Lair:6)
  A water moccasin (Lair:6)
  A wolf (Lair:6)
  2 centaurs (D:12)
  An adder (D:12)
13 creatures vanquished.

Vanquished Creatures (others)
  8 fungi
  6 plants (Lair:6)
14 creatures vanquished.

Grand Total: 602 creatures vanquished

Notes
Turn   | Place    | Note
-------+----------+-------------------------------------------
     0 | D:1      | Rrauwl the Minotaur Berserker began the quest for the Orb.
     0 | D:1      | Reached XP level 1. HP: 19/19 MP: 0/0
   401 | D:1      | Reached XP level 2. HP: 21/27 MP: 1/1
   534 | D:1      | Gained mutation: You regenerate slowly when monsters are visible. [potion of mutation]
   534 | D:1      | Gained mutation: You are covered in fur. (AC +1) [potion of mutation]
  1060 | D:2      | Reached ** piety under Trog
  1359 | D:2      | Reached skill level 4 in Maces & Flails
  1363 | D:2      | Reached XP level 3. HP: 33/33 MP: 2/2
  1589 | D:3      | Found an opulent altar of Gozag.
  1626 | D:3      | Found a bloodstained altar of Trog.
  1686 | D:3      | Reached XP level 4. HP: 40/41 MP: 3/3
  2118 | D:3      | Found an ancient bone altar of Kikubaaqudgha.
  2118 | D:3      | Found a faded altar of an unknown god.
  2125 | D:3      | Found a faded altar of an unknown god.
  2128 | D:3      | Found a faded altar of an unknown god.
  2130 | D:3      | Found a faded altar of an unknown god.
  2580 | D:4      | Found a shimmering altar of Xom.
  2580 | D:4      | Found a hazy altar of Hepliaklqana.
  2582 | D:4      | Found a glowing silver altar of Zin.
  3105 | D:5      | Entered Level 5 of the Dungeon
  3116 | D:5      | Reached skill level 5 in Fighting
  3116 | D:5      | Reached skill level 1 in Shields
  3116 | D:5      | Reached XP level 5. HP: 37/48 MP: 4/4
  3248 | D:5      | Reached skill level 5 in Maces & Flails
  3364 | D:5      | Lost mutation: You are covered in fur. (AC +1) [potion of cure mutation]
  3364 | D:5      | Lost mutation: You regenerate slowly when monsters are visible. [potion of cure mutation]
  3398 | D:5      | Reached XP level 6. HP: 53/56 MP: 5/5
  3417 | D:5      | Reached skill level 6 in Maces & Flails
  3425 | D:5      | Found Duenuacy's General Store.
  3444 | D:5      | Got a scorched leather armour
  3455 | D:5      | Identified the +3 leather armour "Vutz" {Dex+4} (You found it on level 5 of the Dungeon)
  3459 | D:5      | Bought a scroll of remove curse for 30 gold pieces
  3516 | D:5      | Reached *** piety under Trog
  3573 | D:5      | Found a hide-covered altar of Uskayaw.
  3586 | D:5      | Reached skill level 7 in Maces & Flails
  3770 | D:5      | Reached XP level 7. HP: 61/61 MP: 6/6
  3934 | D:6      | Noticed Pikel
  3968 | D:6      | Reached skill level 8 in Maces & Flails
  4019 | D:6      | Killed Pikel
  4019 | D:6      | Reached skill level 10 in Maces & Flails
  4019 | D:6      | Reached XP level 8. HP: 57/68 MP: 7/7
  4089 | D:6      | Found a radiant altar of Vehumet.
  4123 | D:6      | Reached skill level 11 in Maces & Flails
  4240 | D:6      | Found a staircase to the Ecumenical Temple.
  4736 | D:7      | Found a sand-covered staircase.
  4741 | Ossuary  | Entered an ossuary
  4762 | Ossuary  | Reached **** piety under Trog
  4891 | Ossuary  | Reached skill level 12 in Maces & Flails
  5181 | D:7      | Found a blossoming altar of Fedhas.
  5199 | D:7      | Reached XP level 9. HP: 73/74 MP: 8/8
  5270 | D:7      | Found an iron altar of Okawaru.
  5308 | D:7      | Reached skill level 13 in Maces & Flails
  5581 | D:7      | Reached ***** piety under Trog
  5802 | D:8      | Noticed Denreik's ghost (amateur FoCK)
  5810 | D:8      | Killed Denreik's ghost
  5839 | D:8      | Found a radiant altar of Vehumet.
  5945 | D:8      | Noticed Joseph
  5946 | D:8      | Reached skill level 14 in Maces & Flails
  5954 | D:8      | Killed Joseph
  6261 | D:8      | Reached skill level 15 in Maces & Flails
  6296 | D:8      | Got a polished ring mail
  6308 | D:8      | Identified the +1 ring mail of Fortification {-Cast MR++ rCorr Dex+3} (You found it on level 8 of the Dungeon)
  6634 | D:9      | Reached XP level 10. HP: 81/81 MP: 9/9
  6937 | D:9      | Reached skill level 1 in Throwing
  7008 | D:9      | Noticed a gargoyle
  7021 | D:9      | Killed a gargoyle
  7065 | D:9      | Noticed Naow's ghost (novice DECj)
  7077 | D:9      | Killed Naow's ghost
  7077 | D:9      | Reached skill level 1 in Evocations
  7108 | D:9      | Got a dazzling chain mail
  7119 | D:9      | Identified the +5 chain mail of Mirth {Stlth+} (You found it on level 9 of the Dungeon)
  7272 | D:10     | Entered Level 10 of the Dungeon
  7330 | D:10     | Found Tozussot's Assorted Antiques.
  7338 | D:10     | Bought a purple potion for 23 gold pieces
  7338 | D:10     | Bought a scroll labeled GEEPLE GA ZEWK for 26 gold pieces
  7714 | D:10     | Noticed a hill giant
  7723 | D:10     | Killed a hill giant
  7723 | D:10     | Reached skill level 5 in Shields
  7905 | D:10     | Received a gift from Trog
  8057 | D:11     | Found a staircase to the Orcish Mines.
  8057 | D:11     | Found a staircase to the Lair.
  8069 | D:11     | Identified a scroll of acquirement
  8083 | D:11     | Noticed a hill giant
  8091 | D:11     | Reached skill level 5 in Armour
  8095 | D:11     | Killed a hill giant
  8124 | D:11     | Noticed a cyclops
  8136 | D:11     | Killed a cyclops
  8291 | D:11     | Reached XP level 11. HP: 91/91 MP: 12/12
  8322 | D:11     | Reached ****** piety under Trog
  8327 | D:11     | Received a gift from Trog
  8351 | D:11     | Got a pitted flail {god gift}
  8361 | D:11     | Identified the +10 flail of Famine {vamp, rN++} (Trog gifted it to you on level 11 of the Dungeon)
  8468 | D:11     | Noticed Sonja
  8479 | D:11     | Noticed Erolcha
  8497 | D:11     | Reached skill level 16 in Maces & Flails
  8506 | D:11     | Killed Erolcha
  8541 | D:11     | Killed Sonja
  9074 | D:12     | Found a frozen archway.
  9162 | IceCv    | Entered an ice cave
  9801 | IceCv    | Noticed a necromancer
  9809 | IceCv    | Killed a necromancer
  9815 | IceCv    | Got a fine hand crossbow
  9816 | IceCv    | Identified the +11 hand crossbow of Perversion {speed, -Tele +Fly rC+ Str+4} (You found it in an ice cave)
  9824 | IceCv    | Got a shimmering shield
  9835 | IceCv    | Identified the +2 shield of Wytruiwe {+Blink} (You found it in an ice cave)
  9836 | IceCv    | Got a brightly glowing hand crossbow
  9837 | IceCv    | Identified the +1 hand crossbow of Gebbien {velocity, rPois MR+ MP-9 Str+2} (You found it in an ice cave)
  9872 | IceCv    | Reached skill level 5 in Evocations
  9966 | D:12     | Noticed a white ugly thing
  9975 | D:12     | Killed a white ugly thing
  9975 | D:12     | Reached XP level 12. HP: 103/103 MP: 14/14
  9984 | D:12     | Gained mutation: You are covered in fur. (AC +1) [mutagenic meat]
  9986 | D:12     | Gained mutation: You have a somewhat thin skeletal structure. (Dex +2, Stealth) [mutagenic meat]
 10246 | D:12     | Noticed Josephine
 10254 | D:12     | Killed Josephine
 10346 | D:12     | Received a gift from Trog
 10526 | Lair:1   | Entered Level 1 of the Lair of Beasts
 10855 | Lair:1   | Reached skill level 17 in Maces & Flails
 10940 | Lair:1   | Reached skill level 1 in Stealth
 11085 | Lair:1   | Noticed an eight-headed hydra
 11093 | Lair:1   | Killed an eight-headed hydra
 11522 | Lair:2   | Reached skill level 10 in Fighting
 11937 | Lair:2   | Reached skill level 10 in Shields
 12323 | Lair:3   | Noticed Prince Ribbit
 12332 | Lair:3   | Killed Prince Ribbit
 12377 | Lair:3   | Reached XP level 13. HP: 110/114 MP: 16/16
 12575 | Lair:3   | Found a staircase to the Snake Pit.
 12605 | Lair:3   | Reached skill level 10 in Armour
 13108 | Lair:4   | Found a staircase to the Swamp.
 13439 | Lair:4   | Received a gift from Trog
 14294 | Lair:5   | Reached skill level 18 in Maces & Flails
 14524 | Lair:5   | Found a viscous altar of Jiyva.
 14525 | Lair:5   | Found a staircase to the Slime Pits.
 15002 | Lair:6   | Entered Level 6 of the Lair of Beasts
 15199 | Lair:6   | Noticed a dire elephant
 15206 | Lair:6   | Killed a dire elephant
 15209 | Lair:6   | Received a gift from Trog
 15236 | Lair:6   | Noticed a dire elephant
 15255 | Lair:6   | Killed a dire elephant
 15314 | Lair:6   | Reached skill level 5 in Dodging
 15423 | Lair:6   | Reached XP level 14. HP: 102/125 MP: 17/17
 15500 | Lair:6   | Found a burning altar of Makhleb.
 15573 | Lair:6   | Found a gateway to Hell.
 16489 | Orc:1    | Entered Level 1 of the Orcish Mines
 16489 | Orc:1    | Noticed flsc's ghost (journeyman MiFi)
 16498 | Orc:1    | Killed flsc's ghost
 16557 | Orc:1    | Reached skill level 5 in Throwing
 16639 | Orc:2    | Entered Level 2 of the Orcish Mines
 17044 | Orc:2    | Found a staircase to the Elven Halls.
 17077 | Orc:2    | Found Jeggomm's Armour Boutique.
 17097 | Orc:2    | Received a gift from Trog
 17142 | Orc:2    | HP: 3/127 [orc knight/broad axe (7)]
 17143 | Orc:2    | Mangled by an orc warrior

Skill      XL: |  1  2  3  4  5  6  7  8  9 10 11 12 13 14 |
---------------+-------------------------------------------+-----
Fighting       | 4 5 6 8 10 11 12 | 12.7
Maces & Flails | 4 5 7 10 12 15 16 17 18 | 18.5
Armour         | 3 5 7 9 11 12 | 12.1
Dodging        | 3 4 5 6 |  6.0
Shields        | 1 3 4 6 8 10 11 12 | 12.5
Throwing       | 2 3 5 |  5.0
Evocations     | 3 5 6 |  6.0
Stealth        | 1 |  1.0

Action                   |  1- 3 |  4- 6 |  7- 9 | 10-12 | 13-15 || total
-------------------------+-------+-------+-------+-------+-------++-------
Melee: Mace              |    91 |   137 |   342 |   144 |       ||   714
       Headbutt          |    13 |    21 |    77 |   148 |   180 ||   439
       Eveningstar       |       |       |       |    74 |       ||    74
       Flail             |       |       |       |   454 |   608 ||  1062
Throw: Tomahawk          |       |       |       |     1 |       ||     1
Invok: Berserk           |       |     1 |     2 |     6 |     5 ||    14
       Trog's Hand       |       |       |     1 |     2 |     1 ||     4
       Brothers in Arms  |       |       |       |     1 |     2 ||     3
Evoke: Wand              |       |       |       |     1 |     5 ||     6
  Use: Scroll            |     3 |     3 |     5 |    12 |     6 ||    29
       Potion            |     3 |     3 |     3 |     6 |     4 ||    19
 Stab: Sleeping          |       |       |     1 |       |     2 ||     3
       Distracted        |       |       |     1 |       |     2 ||     3
  Eat: Chunk             |     2 |     5 |    13 |    19 |     9 ||    48
       Beef jerky        |       |     2 |     1 |     4 |       ||     7
       Fruit             |       |       |       |     3 |     3 ||     6
       Bread ration      |       |       |       |     1 |     2 ||     3
       Pizza             |       |       |       |     1 |       ||     1
Armor: Animal skin       |     4 |       |       |       |       ||     4
       Chain mail        |    45 |    50 |       |       |       ||    95
       Leather armour    |       |     9 |    21 |       |       ||    30
       Plate armour      |       |       |    16 |    37 |       ||    53
       Ring mail         |       |       |     3 |    95 |   125 ||   223
Dodge: Dodged            |    40 |    28 |    54 |   137 |   169 ||   428
Block: Large shield      |       |    60 |   173 |   251 |   416 ||   900
       Shield            |       |       |       |   152 |   109 ||   261
